 Dungeon Crawl Stone Soup version 0.30-a0-12-gd8047c6341 (webtiles) character file.

Game seed: 8581812153178661330

30 SensoryNuts the Shooter (level 3, -2/28 HPs)
             Began as a Minotaur Arcane Marksman on Aug 24, 2022.
             Slain by a hobgoblin (3 damage)
             ... on level 2 of the Dungeon.
             The game lasted 00:01:27 (1409 turns).

SensoryNuts the Shooter (Minotaur Arcane Marksman)  Turns: 1409, Time: 00:01:27

Health: -2/28      AC:  2    Str: 20    XL:     3   Next: 3%
Magic:  3/3        EV: 12    Int: 10    God:
Gold:   97         SH:  0    Dex: 12    Spells: 3/4 levels left

rFire   . . .      SeeInvis .    a - +1 sling
rCold   . . .      Faith    .    (no shield)
rNeg    . . .      Spirit   .    c - +0 robe
rPois   .          Reflect  .    (helmet restricted)
rElec   .          Harm     .    (no cloak)
rCorr   .          Rampage  .    (no gloves)
Will    .....                    (no boots)
Stlth   +.........               (no amulet)
HPRegen 0.09/turn                e - +6 ring of strength
MPRegen 0.08/turn                (no ring)

@: no status effects
A: horns 2, retaliatory headbutt
a: no special abilities


You were on level 2 of the Dungeon.
You visited 1 branch of the dungeon, and saw 2 of its levels.

You collected 97 gold pieces.

Inventory:

Hand Weapons
 a - a +1 sling (weapon)
Armour
 c - a +0 robe (worn)
Jewellery
 e - a +6 ring of strength (left hand)
Scrolls
 b - 2 scrolls of poison
 i - a scroll of teleportation
Potions
 d - 2 potions of curing {unknown}
 k - a potion of attraction {unknown}
 l - a potion of flight {unknown}


   Skills:
 + Level 1.3 Fighting
 + Level 3.1 Ranged Weapons
 + Level 2.4 Dodging
 + Level 1.0 Spellcasting
 + Level 2.3 Hexes


You had 3 spell levels left.
You knew the following spells:

 Your Spells              Type           Power      Damage    Failure   Level
a - Slow                  Hex            20%        N/A       14%         1

Your spell library contained the following spells:

 Spells                   Type           Power      Damage    Failure   Level
 Inner Flame              Hex/Fire       2%         N/A       54%         3
 Portal Projectile        Hex/Tloc       4%         N/A       54%         3
 Cause Fear               Hex            2%         N/A       80%         4


Dungeon Overview and Level Annotations

Branches:
Dungeon (2/15)

Altars:


Innate Abilities, Weirdness & Mutations

You have a pair of horns on your head.
You reflexively headbutt those who attack you in melee.


Message History

[Y]es or [N]o only, please.
Really attack while wielding your +1 sling? [Y]es or [N]o only, please.
Really attack while wielding your +1 sling?
You clumsily bash the hobgoblin but do no damage.
Your headbutt misses the hobgoblin.
The hobgoblin is heavily wounded.
The hobgoblin closely misses you.
You are too injured to fight recklessly!
You are too injured to fight recklessly!
You are too injured to fight recklessly!
You are too injured to fight recklessly!
You are too injured to fight recklessly!
You are too injured to fight recklessly!
You clumsily bash the hobgoblin but do no damage.
Your headbutt misses the hobgoblin.
The hobgoblin is heavily wounded.
The hobgoblin misses you. The hobgoblin hits you.
You clumsily bash the hobgoblin but do no damage.
The hobgoblin is heavily wounded.
The hobgoblin closely misses you. You furiously retaliate!
You headbutt the hobgoblin.
You clumsily bash the hobgoblin but do no damage.
The hobgoblin is almost dead.
You feel your willpower return. The hobgoblin hits you.
* * * LOW HITPOINT WARNING * * *
The hobgoblin hits you.
* * * LOW HITPOINT WARNING * * *
You barely miss the hobgoblin. Your headbutt misses the hobgoblin.
The hobgoblin is almost dead.
The rat bites you.
* * * LOW HITPOINT WARNING * * *
The hobgoblin hits you.
* * * LOW HITPOINT WARNING * * *
Unknown command.
You clumsily bash the hobgoblin but do no damage.
The hobgoblin is almost dead.
The rat barely misses you. The hobgoblin hits you.
You die...

### ###########
....#####..........
###.....#.####.....
......r@g...)...##
#############......
#.##. :? ?


You could see a hobgoblin and a rat.

Vanquished Creatures
  3 ball pythons (D:1)
  3 endoplasms (D:1)
  A giant cockroach (D:2)
  2 hobgoblins
  4 jackals (D:1)
  2 quokkas (D:1)
  A bat (D:1)
  2 frilled lizards (D:1)
  2 goblins (D:1)
  6 kobolds
  A rat (D:1)
27 creatures vanquished.

Notes
Turn   | Place    | Note
-------+----------+-------------------------------------------
     0 | D:1      | SensoryNuts the Minotaur Arcane Marksman began the quest
                  | for the Orb.
     0 | D:1      | Reached XP level 1. HP: 16/16 MP: 1/1
    63 | D:1      | Reached XP level 2. HP: 19/23 MP: 2/2
   518 | D:1      | Found a faded altar of an unknown god.
   918 | D:1      | Reached skill level 3 in Ranged Weapons
  1395 | D:2      | Reached XP level 3. HP: 16/28 MP: 3/3
  1408 | D:2      | HP: 1/28 [hobgoblin (2)]
  1409 | D:2      | Slain by a hobgoblin

Illustrated notes

Levels and vault maps discovered:
D:1:      psy_arrival_conway, layout_basic, basic_ecumenical_altar,
          nrook_loot_triangle, st_stairs_14
D:2:      layout_loops_ring, chequers_serial_rivers_room_a,
          minmay_small_reverse_x

Skill      XL: |  1  2 |
---------------+-------+-----
Ranged Weapons | 3 |  3.1
Fighting       | |  1.3
Dodging        | |  2.4
Spellcasting   | |  1.0
Hexes          | |  2.3

Action                   || total
-------------------------++-------
Melee: Sling             ||     6
 Fire: Sling             ||    84
  Use: Scroll            ||     5
Armor: Robe              ||     6
Dodge: Dodged            ||    27

Table legend: (Time is in decaauts)
 A = Elapsed time spent in this place.
 B = Non-inter-level travel time spent in this place.
 C = Inter-level travel time spent in this place.
 D = Time resting spent in this place.
 E = Time spent auto-exploring this place.
 F = Levels seen in this place.
 G = Mean time per level.
                   A        B        C        D        E       F      G
               +--------+--------+--------+--------+--------+-----+--------+
         Total |   1438 |   1407 |     31 |    216 |   1020 |   2 |  719.0 |
       Dungeon |   1438 |   1407 |     31 |    216 |   1020 |   2 |  719.0 |
               +--------+--------+--------+--------+--------+-----+--------+

Top non-repeatable levels by time:
     D:1: 1401 daAuts
     D:2: 36 daAuts
